 Seeded DCSS version 0.28.0-47-ge53b351184 (webtiles) character file.

Game seed: 20220425 (custom seed)

1967 jessy the Protected (level 9, 0/78 HPs)
             Began as a Minotaur Berserker on Apr 26, 2022.
             Was an Initiate of Makhleb.
             Slain by a black bear (1 damage)
             ... created by the rage of Trog
             ... on level 6 of the Dungeon on May 3, 2022.
             The game lasted 00:34:56 (7993 turns).

jessy the Protected (Minotaur Berserker)            Turns: 7993, Time: 00:34:57

Health: 0/78       AC: 13    Str: 26    XL:     9   Next: 0%
Magic:  8/8        EV:  8    Int:  4    God:    Makhleb [......]
Gold:   366        SH:  0    Dex: 10    Spells: 8/8 levels left

rFire   . . .      SeeInvis .   E - +0 battleaxe
rCold   . . .      Faith    .   (shield currently unavailable)
rNeg    . . .      Spirit   .   K - +0 plate armour
rPois   .          Reflect  .   (helmet restricted)
rElec   .          Harm     .   (no cloak)
rCorr   .          Rampage  .   (no gloves)
Will    .....                   (no boots)
Stlth   ..........              A - amulet of regeneration
HPRegen 1.03/turn               (no ring)
MPRegen 0.11/turn               (no ring)

@: hasted, very quick
A: horns 2, retaliatory headbutt
a: Renounce Religion


You were on level 6 of the Dungeon.
You worshipped Makhleb.
Makhleb was noncommittal.
You visited 2 branches of the dungeon, and saw 7 of its levels.

You collected 366 gold pieces.

Inventory:

Hand Weapons
 a - a +0 hand axe
 c - a +0 dagger
 h - a +2 dagger of holy wrath
 i - a +0 club
 l - a +2 hunting sling of flaming
 n - a +0 short sword
 p - a +0 mace
 w - a +0 demon trident of venom
 x - a +0 spear
 C - a +0 fustibalus
 D - a +0 whip
 E - a +0 battleaxe (weapon)
 I - a +0 war axe
 J - a +0 flail of holy wrath
 O - a +1 flail of draining
 P - a +0 rapier
 W - a +0 falchion
Missiles
 g - 12 boomerangs
 m - 24 sling bullets
 L - 37 stones
 Z - 5 javelins (quivered)
Armour
 b - a +0 animal skin
 d - a +0 leather armour
 j - a +0 robe
 t - a +0 chain mail
 y - a +0 ring mail
 B - a +0 scale mail
 K - a +0 plate armour (worn)
Magical Staves
 V - a staff of air
 Y - a staff of fire
Jewellery
 f - a ring of wizardry
 A - an amulet of regeneration (around neck)
Wands
 G - a wand of polymorph (8)
Scrolls
 k - 3 scrolls of teleportation {unknown}
 o - 6 scrolls of identify {unknown}
 r - 2 scrolls of magic mapping {unknown}
 F - 2 scrolls of vulnerability {unknown}
 H - a scroll of torment {unknown}
 M - a scroll of noise {unknown}
 R - a scroll of fear {unknown}
 S - 2 scrolls of amnesia {unknown}
 U - a scroll of holy word {unknown}
 X - a scroll of blinking {unknown}
Potions
 e - a potion of haste
 s - 3 potions of curing {unknown}
 u - 2 potions of might {unknown}
 v - a potion of brilliance {unknown}
 z - a potion of heal wounds {unknown}
 N - a potion of attraction {unknown}
 Q - a potion of lignification {unknown}
 T - a potion of invisibility {unknown}


   Skills:
 + Level 6.8 Fighting
 + Level 8.1(9.0) Axes
 + Level 3.4(6.2) Maces & Flails
 + Level 4.8(7.1) Polearms
 + Level 0.1 Throwing
 + Level 8.2 Armour
 + Level 3.4 Dodging
 + Level 0.5 Stealth


You had 8 spell levels left.
You didn't know any spells.
Your spell library contained the following spells:

 Spells                   Type           Power      Damage    Failure   Level
 Beastly Appendage        Tmut           0%         N/A       99%         1
 Wereblood                Tmut           0%         N/A       100%        2
 Ozocubu's Armour         Ice            0%         N/A       100%        3
 Spider Form              Tmut/Pois      0%         N/A       100%        3
 Metabolic Englaciation   Hex/Ice        0%         N/A       100%        5
 Simulacrum               Ice/Necr       0%         N/A       100%        6


Dungeon Overview and Level Annotations

Branches:
Dungeon (6/15)             Temple (1/1) D:6

Altars:
Ashenzari
Cheibriados
Dithmenos
Fedhas
Gozag
Hepliaklqana
Kikubaaqudgha
Makhleb
Nemelex Xobeh
Okawaru
Qazlal
Ru
Sif Muna
Trog
Uskayaw
Vehumet
Xom
Yredelemnul
Zin
The Shining One


Innate Abilities, Weirdness & Mutations

You have a pair of horns on your head.
You reflexively headbutt those who attack you in melee.


Message History

You headbutt the polar bear!
The polar bear claws you but does no damage. x2
The black bear barely misses you. You furiously retaliate!
You headbutt the black bear.
The black bear claws you but does no damage. x2
The black bear bites you! The black bear claws you. x2
The polar bear bites you!!
The polar bear claws you but does no damage.
The polar bear claws you.
You slice the black bear!! You headbutt the black bear!
You kill the black bear!
That felt strangely unrewarding.
You slash the polar bear! You slash the black bear!
The black bear rages.
The polar bear bites you.
The polar bear claws you but does no damage. x2
The black bear barely misses you.
The black bear claws you but does no damage.
The black bear claws you.
The black bear bites you but does no damage.
The black bear claws you but does no damage.
The black bear claws you.
It was a potion of haste.
You feel yourself speed up.
The black bear bites you but does no damage.
The black bear barely misses you. x2; The polar bear bites you!
* * * LOW HITPOINT WARNING * * *
The polar bear claws you but does no damage.
The polar bear completely misses you.
The black bear bites you but does no damage.
The black bear claws you.
* * * LOW HITPOINT WARNING * * *
The black bear claws you but does no damage.
The polar bear barely misses you.
The polar bear claws you but does no damage. x2
The black bear bites you but does no damage.
The black bear barely misses you. x2; The black bear bites you.
* * * LOW HITPOINT WARNING * * *
The black bear claws you but does no damage.
The black bear claws you.
You die...

.#.#.# #.# #.#
.#.#.####.###.#######
.#.#........<.......###
...######.#...........#
.#.# #.##.#.#.#####.#.#
.#.###.##.#.#.#####.#.#
................h##.#.#
.#.##..####.#.##h##.#.#
.#.##..# #.#.##@##.#.#
.#.##..# #.####hh#.#.#
...##..## #.# #..#.#.#
.#.##...# #.# #..#.#.#
.#.##...###.####..#.#.#
.<....................##
.................<.....#
...##...########..#.####
..................#.#


You could see a polar bear (berserk) and 3 black bears.

Vanquished Creatures
  A steam dragon (D:6)
  The ghost of Zeld the Conjurer, an amateur DrCj (D:4)
  4 sky beasts
  2 black bears
  A necrophage (D:5)
  An ogre (D:5)
  A phantom (D:6)
  A bullfrog (D:6)
  A scorpion (D:6)
  A wyvern skeleton (D:6)
  2 centaur zombies
  3 orc priests
  A centaur skeleton (D:5)
  6 hounds
  Jessica (D:3)
  3 iguanas (D:4)
  5 orc wizards (D:5)
  A killer bee zombie (D:6)
  A hound zombie (D:5)
  A hound skeleton (D:4)
  5 adders
  A shadow imp (D:3)
  3 ufetubi
  2 worms
  4 dart slugs
  20 orcs
  6 ball pythons
  4 bats
  7 endoplasms
  5 giant cockroaches
  5 goblins
  3 hobgoblins
  3 jackals (D:1)
  3 quokkas
  3 frilled lizards (D:1)
  5 kobolds
  8 rats
125 creatures vanquished.

Vanquished Creatures (others)
  3 fungi (D:1)
  2 plants (D:1)
5 creatures vanquished.

Grand Total: 130 creatures vanquished

Notes
Turn   | Place    | Note
-------+----------+-------------------------------------------
     0 | D:1      | jessy the Minotaur Berserker began the quest for the Orb.
     0 | D:1      | Reached XP level 1. HP: 19/19 MP: 0/0
   136 | D:1      | Reached XP level 2. HP: 15/27 MP: 1/1
   851 | D:1      | Reached XP level 3. HP: 33/33 MP: 2/2
   872 | D:1      | Found a faded altar of an unknown god.
   874 | D:1      | Reached ** piety under Trog
  2170 | D:3      | Reached XP level 4. HP: 41/41 MP: 3/3
  2477 | D:3      | Noticed Jessica
  2482 | D:3      | Killed Jessica
  3187 | D:4      | Found a runed translucent door.
  3202 | D:4      | Reached skill level 1 in Polearms
  3202 | D:4      | Reached XP level 5. HP: 40/47 MP: 4/4
  3409 | D:4      | Noticed a black bear
  3418 | D:4      | Killed a black bear
  3419 | D:4      | Reached skill level 1 in Maces & Flails
  3419 | D:4      | Reached XP level 6. HP: 41/55 MP: 5/5
  3774 | D:4      | Noticed Zeld's ghost (amateur DrCj)
  3783 | D:4      | Reached skill level 5 in Fighting
  3790 | D:4      | Killed Zeld's ghost
  3803 | D:4      | Found a runed translucent door.
  4647 | D:5      | Entered Level 5 of the Dungeon
  4658 | D:5      | Reached *** piety under Trog
  4659 | D:5      | Reached skill level 5 in Armour
  4659 | D:5      | Reached XP level 7. HP: 57/61 MP: 6/6
  4762 | D:5      | Reached skill level 5 in Axes
  5363 | D:5      | Reached XP level 8. HP: 69/70 MP: 7/7
  6232 | D:6      | Found a glowing drain.
  6436 | D:6      | Found a staircase to the Ecumenical Temple.
  6508 | Temple   | Entered the Ecumenical Temple
  7331 | Temple   | Fell from the grace of Trog
  7331 | Temple   | Became a worshipper of Makhleb the Destroyer
  7582 | D:6      | Reached XP level 9. HP: 40/78 MP: 8/8
  7990 | D:6      | Noticed a polar bear
  7993 | D:6      | HP: 1/78 [black bear[the rage of Trog] (5)]
  7993 | D:6      | Slain by a black bear

Illustrated notes

Levels and vault maps discovered:
D:1:      lightli_arrival_statuegarden, layout_loops_cross,
          dreamdust_ecumenical_altar_hidden_monk_grotto,
          chequers_serial_rivers_marsh
D:2:      layout_rooms
D:3:      layout_basic, uniq_jessica
D:4:      black_bear_nest_2, layout_gridville, serial_glass, glass_columns_a,
          glass_columns_a, glass_columns_a, glass_columns_a, glass_columns_b,
          glass_columns_b, glass_columns_a, glass_columns_b, glass_columns_b,
          glass_columns_a, glass_columns_c, glass_columns_a, glass_columns_a,
          glass_columns_c, due_unseen_surprise, minmay_strange_pillars,
          ebering_ghost_sewer_f, minmay_puff
D:5:      layout_gridville
D:6:      layout_basic, minmay_temple_entry_statues,
          cheibrodos_sewer_entry_sluice, kennysheep_pointless_box,
          minmay_misc_feat_roman
Temple:   mainiacjoe_temple_big_plus

Skill      XL: |  1  2  3  4  5  6  7  8 |
---------------+-------------------------+-----
Axes           | 4 6 8 |  8.1
Fighting       | 4 5 6 |  6.8
Dodging        | 3 |  3.4
Armour         | 3 4 5 6 8 |  8.2
Polearms       | 1 3 4 |  4.8
Maces & Flails | 1 3 |  3.4
Throwing       | |  0.1
Stealth        | |  0.5

Action                   |  1- 3 |  4- 6 |  7- 9 || total
-------------------------+-------+-------+-------++-------
Melee: Hand axe          |    80 |       |       ||    80
       Headbutt          |    16 |    18 |    17 ||    51
       Mace              |    12 |       |       ||    12
       Demon trident     |     9 |    69 |       ||    78
       Hunting sling     |     5 |       |       ||     5
       Punch             |     1 |       |       ||     1
       Battleaxe         |       |    10 |    86 ||    96
       Flail             |       |       |    63 ||    63
Throw: Boomerang         |       |       |     1 ||     1
  Use: Potion            |       |       |     3 ||     3
Armor: Animal skin       |     9 |       |       ||     9
       Leather armour    |    20 |       |       ||    20
       Chain mail        |     3 |    62 |    18 ||    83
       Plate armour      |       |       |   159 ||   159
Dodge: Dodged            |    72 |    33 |    81 ||   186
